AoeStats
← ChiFutbol

Arabia

503219895Analyzed
1v1 RM · 1mo ago on Aug 30, 2026· 51m 58s· 2 players
Game mode
Random Map
Map size
Tiny (2 player)
Population
200
Speed
Normal
Resources
Standard
Victory
Conquest
Starting age
Dark Age
Ending age
Imperial Age
RankedLock teamsTeams togetherTeam positionsShared explorationLock speedFull tech treeHidden civsTurbo modeCheats
Victory
Defeat
🇺🇸 Burgundians · United States
1062
+18
🇺🇸 Koreans · United States
1095
-18
coxmaster
5:04 Double-Bit Axe
10:50 Feudal Age
11:58 Bow Saw
12:51 Horse Collar
19:06 Castle Age
19:22 Gold Mining
20:53 Scale Barding Armor
21:53 Heavy Plow
23:48 Husbandry
23:09 Cavalier
24:34 Gold Shaft Mining
27:06 Chain Barding Armor
26:59 Stone Mining
29:47 Forging
32:22 Iron Casting
33:40 Fletching
37:42 Imperial Age
36:09 Wheelbarrow
35:23 Town Watch
35:24 Loom
35:59 Burgundian Vineyards
35:58 Elite Skirmisher
37:08 Bodkin Arrow
37:14 Padded Archer Armor
38:24 Paladin
39:50 Murder Holes
40:17 Bracer
42:37 Chemistry
45:53 Leather Archer Armor
46:50 Ballistics
47:00 Conscription
48:21 Plate Barding Armor
50:33 Blast Furnace
ChiFutbol
7:29 Loom
10:04 Feudal Age
10:57 Horse Collar
11:03 Double-Bit Axe
18:50 Fletching
20:12 Wheelbarrow
22:36 Castle Age
24:26 Crossbowman
25:04 Bodkin Arrow
25:53 Gold Mining
26:22 Bow Saw
27:39 Heavy Plow
28:08 Squires
27:28 Pikeman
28:58 Scale Barding Armor
28:55 Scale Mail Armor
29:20 Thumb Ring
30:14 Stone Mining
30:42 Chain Mail Armor
31:29 Ballistics
34:11 Town Watch
34:42 Hand Cart
37:21 Imperial Age
34:56 Town Patrol
35:36 Gold Mining
38:27 Conscription
37:43 Light Cavalry
38:24 Husbandry
38:35 Arbalester
39:18 Man-at-Arms
43:47 Chemistry
44:10 Scale Barding Armor
46:04 Bracer
Connection lost

Rejoining the realm…

Still unreachable

The connection could not be restored.

Session expired

The server has moved on; the page needs a fresh start.